 Dungeon Crawl Stone Soup version 0.24.0-1-gfbc8707 (webtiles) character file.

Game seed: 2403404942602814236, levelgen mode: deterministic

496 Buxparty the Ducker (level 7, -2/59 HPs)
             Began as a Gnoll Monk on Jan 2, 2020.
             Slain by Duvessa
             ... wielding a +0 short sword
              (6 damage)
             ... on level 5 of the Dungeon.
             The game lasted 00:19:24 (5485 turns).

Buxparty the Ducker (Gnoll Monk)                    Turns: 5485, Time: 00:19:24

Health: -2/59      AC:  6    Str: 13 (15) XL:     7   Next: 15%
Magic:  10/10      EV: 15    Int: 12      God:
Gold:   183        SH:  0    Dex: 16 (18) Spells: 10/10 levels left

rFire    . . .     SeeInvis .   n - +2 dagger (freeze)
rCold    . . .     Gourm    .   (no shield)
rNeg     . . .     Faith    .   D - +0 ring mail
rPois    .         Spirit   .   t - +0 helmet
rElec    .         Reflect  .   (no cloak)
rCorr    .         Harm     .   (no gloves)
MR       .....                  (no boots)
Stlth    +.........             s - amulet of rage (curse)
HPRegen  0.19/turn              (no ring)
MPRegen  0.12/turn              (no ring)

@: glowing
A: distributed training, fangs 1, strong nose
a: Evoke Berserk Rage


You were on level 5 of the Dungeon.
You were hungry.

You visited 1 branch of the dungeon, and saw 5 of its levels.

You collected 183 gold pieces.

Inventory:

Hand Weapons
 a - a +0 hunting sling
 b - a +1 dagger of speed
 c - a +0 hand axe
 n - a +2 dagger of freezing (weapon)
Missiles
 g - 60 arrows
 h - 65 sling bullets
Armour
 j - a +0 leather armour
 k - a +0 robe
 m - a +0 leather armour of magic resistance
 t - a +0 helmet (worn)
 D - a +0 ring mail (worn)
Jewellery
 s - a cursed amulet of rage (around neck)
 A - an uncursed amulet of faith {unknown}
Wands
 v - a wand of paralysis (9)
 z - a wand of random effects (41)
Scrolls
 d - 2 scrolls of identify
 e - a scroll of enchant weapon {unknown}
 i - a scroll of fear {unknown}
 l - 4 scrolls of magic mapping {unknown}
 o - a scroll of immolation {unknown}
 p - a scroll of amnesia {unknown}
 r - a scroll of enchant armour {unknown}
 x - 4 scrolls of remove curse {unknown}
 y - 2 scrolls of teleportation {unknown}
Potions
 q - a potion of heal wounds {unknown}
 u - a potion of haste {unknown}
 w - a potion of brilliance {unknown}
 B - a potion of flight
 C - a potion of mutation {unknown}
 E - a potion of curing
Comestibles
 f - 6 rations
 F - a chunk of flesh


   Skills:
 + Level 6.9 Fighting
 + Level 2.2 Short Blades
 + Level 2.2 Long Blades
 + Level 6.9 Axes
 + Level 2.2 Maces & Flails
 + Level 2.2 Polearms
 + Level 2.2 Staves
 + Level 2.2 Slings
 + Level 2.2 Bows
 + Level 2.2 Crossbows
 + Level 2.2 Throwing
 + Level 2.2 Armour
 + Level 6.9 Dodging
 + Level 4.8 Stealth
 + Level 2.2 Shields
 + Level 2.2 Unarmed Combat
 + Level 2.2 Spellcasting
 + Level 1.8 Conjurations
 + Level 1.8 Hexes
 + Level 1.8 Charms
 + Level 1.8 Summonings
 + Level 1.8 Necromancy
 + Level 1.8 Translocations
 + Level 1.8 Transmutations
 + Level 1.8 Fire Magic
 + Level 1.8 Ice Magic
 + Level 1.8 Air Magic
 + Level 1.8 Earth Magic
 + Level 1.8 Poison Magic
 + Level 2.5 Invocations
 + Level 2.2 Evocations


You had 10 spell levels left.
You didn't know any spells.
Your spell library was empty.

Dungeon Overview and Level Annotations

Branches:
Dungeon (5/15)
 Temple: D:4-7

Altars:
Cheibriados
Qazlal
Ru
Sif Muna

Annotations:
D:4 Eustachio, Natasha
D:5 Dowan, Duvessa


Innate Abilities, Weirdness & Mutations

Your experience applies equally to all skills.
You have very sharp teeth.
Your uncanny sense of smell can sniff out nearby items.


Message History

Dowan is lightly wounded.
Duvessa hits you with a +0 short sword.
* * * LOW HITPOINT WARNING * * *
Dowan hits you but does no damage. The centaur skeleton misses you.
Duvessa completely misses you.
You hit Dowan. You freeze Dowan.
Dowan is lightly wounded.
Dowan hits you but does no damage. The centaur skeleton hits you.
* * * LOW HITPOINT WARNING * * *
Duvessa hits you but does no damage.
You hit Dowan. You freeze Dowan.
Dowan is moderately wounded.
The centaur skeleton misses you. Duvessa hits you with a +0 short sword!
* * * LOW HITPOINT WARNING * * *
Dowan hits you with a +2 dagger of pain.
* * * LOW HITPOINT WARNING * * *
You hit Dowan but do no damage.
Dowan is moderately wounded.
Duvessa hits you with a +0 short sword.
You die...

#.
..#....##.##.## .
................
....##.........##
....###.....#####
#................
#.###............
#.####...........
#.e..............
#.e@Z......###...
#....<.......#...
#.[..........# ..
#............#
#.....$......#
#............#
#..............
....!.....##....
#........... ....


You could see Duvessa, Dowan and a centaur skeleton.

Vanquished Creatures
  A scorpion (D:5)
  2 hounds
  An orc priest (D:5)
  An orc wizard (D:5)
  3 worker ants
  A hound skeleton (D:5)
  4 gnolls
  7 adders
  An ooze (D:2)
  3 worms (D:3)
  3 dart slugs
  2 leopard geckos
  11 orcs
  A ball python (D:2)
  11 bats
  7 giant cockroaches
  7 goblins
  10 hobgoblins
  14 jackals
  3 quokkas
  7 frilled lizards
  10 kobolds
  10 rats
120 creatures vanquished.

Notes
Turn   | Place    | Note
-------+----------+-------------------------------------------
     0 | D:1      | Buxparty the Gnoll Monk began the quest for the Orb.
     0 | D:1      | Reached XP level 1. HP: 23/23 MP: 1/1
    35 | D:1      | Reached XP level 2. HP: 16/29 MP: 2/2
   380 | D:1      | Reached XP level 3. HP: 26/35 MP: 3/3
  1017 | D:2      | Reached skill level 1 in Invocations
  1020 | D:2      | You fall into a shaft and drop 2 floors!
  1056 | D:4      | Reached skill level 1 in Short Blades
  1056 | D:4      | Reached skill level 1 in Long Blades
  1056 | D:4      | Reached skill level 1 in Maces & Flails
  1056 | D:4      | Reached skill level 1 in Polearms
  1056 | D:4      | Reached skill level 1 in Staves
  1056 | D:4      | Reached skill level 1 in Slings
  1056 | D:4      | Reached skill level 1 in Bows
  1056 | D:4      | Reached skill level 1 in Crossbows
  1056 | D:4      | Reached skill level 1 in Throwing
  1056 | D:4      | Reached skill level 1 in Armour
  1056 | D:4      | Reached skill level 1 in Shields
  1056 | D:4      | Reached skill level 1 in Unarmed Combat
  1056 | D:4      | Reached skill level 1 in Spellcasting
  1056 | D:4      | Reached skill level 1 in Evocations
  1056 | D:4      | Reached XP level 4. HP: 12/41 MP: 5/5
  1715 | D:2      | Reached skill level 1 in Conjurations
  1715 | D:2      | Reached skill level 1 in Hexes
  1715 | D:2      | Reached skill level 1 in Charms
  1715 | D:2      | Reached skill level 1 in Summonings
  1715 | D:2      | Reached skill level 1 in Necromancy
  1715 | D:2      | Reached skill level 1 in Translocations
  1715 | D:2      | Reached skill level 1 in Transmutations
  1715 | D:2      | Reached skill level 1 in Fire Magic
  1715 | D:2      | Reached skill level 1 in Ice Magic
  1715 | D:2      | Reached skill level 1 in Air Magic
  1715 | D:2      | Reached skill level 1 in Earth Magic
  1715 | D:2      | Reached skill level 1 in Poison Magic
  1866 | D:2      | Reached XP level 5. HP: 42/47 MP: 6/6
  1932 | D:2      | Found a shimmering blue altar of Sif Muna.
  2269 | D:2      | Found a sacrificial altar of Ru.
  3017 | D:3      | Found a snail-covered altar of Cheibriados.
  3558 | D:3      | Found a sacrificial altar of Ru.
  3663 | D:4      | Reached XP level 6. HP: 51/53 MP: 8/8
  3867 | D:4      | Noticed Eustachio
  3969 | D:4      | Noticed Natasha
  4428 | D:5      | Entered Level 5 of the Dungeon
  4572 | D:5      | HP: 1/53 [orc (5)]
  5107 | D:5      | Noticed an air elemental
  5108 | D:5      | Found a stormy altar of Qazlal.
  5128 | D:5      | Noticed a water elemental
  5152 | D:5      | Reached XP level 7. HP: 43/59 MP: 10/10
  5377 | D:5      | Noticed Duvessa
  5460 | D:5      | Noticed Dowan
  5485 | D:5      | Slain by Duvessa

Levels and vault maps discovered:
D:1:      lemuel_arrival_room, layout_basic
D:2:      layout_loops_ring, lemuel_blue_sif_altar, nicolae_ru_path_of_blood
D:3:      layout_rooms, cheibriados_altar_1, marbit_many_paths, first_ration
D:4:      layout_gridville, minmay_temple_entry_arrows, serial_shops,
          nicolae_shop_trees, minivault_25, uniq_natasha, uniq_eustachio
D:5:      layout_basic, nicolae_qazlal_style_of_elements, uniq_pikel,
          uniq_duvessa

Skill      XL: |  1  2  3  4  5  6 |
---------------+-------------------+-----
Invocations    | 1 2 |  2.5
Short Blades   | 1 2 |  2.2
Long Blades    | 1 2 |  2.2
Maces & Flails | 1 2 |  2.2
Polearms       | 1 2 |  2.2
Staves         | 1 2 |  2.2
Slings         | 1 2 |  2.2
Bows           | 1 2 |  2.2
Crossbows      | 1 2 |  2.2
Throwing       | 1 2 |  2.2
Armour         | 1 2 |  2.2
Shields        | 1 2 |  2.2
Unarmed Combat | 1 2 |  2.2
Spellcasting   | 1 2 |  2.2
Evocations     | 1 2 |  2.2
Conjurations   | 1 |  1.8
Hexes          | 1 |  1.8
Charms         | 1 |  1.8
Summonings     | 1 |  1.8
Necromancy     | 1 |  1.8
Translocations | 1 |  1.8
Transmutations | 1 |  1.8
Fire Magic     | 1 |  1.8
Ice Magic      | 1 |  1.8
Air Magic      | 1 |  1.8
Earth Magic    | 1 |  1.8
Poison Magic   | 1 |  1.8
Fighting       | |  6.9
Axes           | |  6.9
Dodging        | |  6.9
Stealth        | |  4.8

Action                   |  1- 3 |  4- 6 |  7- 9 || total
-------------------------+-------+-------+-------++-------
Melee: Hand axe          |    48 |       |       ||    48
       Bite              |    16 |    36 |     5 ||    57
       Dagger            |    79 |   243 |    37 ||   359
       Unarmed           |       |   119 |       ||   119
       Punch             |       |     1 |       ||     1
 Fire: Hunting sling     |       |   138 |       ||   138
  Use: Scroll            |     1 |       |       ||     1
       Potion            |       |     6 |       ||     6
 Stab: Sleeping          |     6 |     4 |       ||    10
  Eat: Ration            |       |     3 |       ||     3
       Chunk             |       |     3 |     1 ||     4
Armor: Robe              |    22 |     1 |       ||    23
       Leather armour    |       |    54 |       ||    54
       Ring mail         |       |     3 |    11 ||    14
Dodge: Dodged            |   114 |   299 |    40 ||   453
